 Dungeon Crawl Stone Soup version 0.30-a0-50-gb2d611f6b1 (webtiles) character file.

Game seed: 10963582814727814671

791 PyroL the Jinx (level 7, -4/32 HPs)
             Began as a Spriggan Enchanter on Sept 5, 2022.
             Slain by an orc warrior (13 damage)
             ... on level 5 of the Dungeon.
             The game lasted 00:12:41 (6115 turns).

PyroL the Jinx (Spriggan Enchanter)                 Turns: 6115, Time: 00:12:41

Health: -4/32      AC:  2    Str:  4    XL:     7   Next: 57%
Magic:  9/18       EV: 17    Int: 16    God:
Gold:   298        SH:  0    Dex: 18    Spells: 11/19 levels left

rFire   . . .      SeeInvis +    g - +2 dagger (elec)
rCold   . . .      Faith    .    (no shield)
rNeg    . . .      Spirit   .    b - +0 robe
rPois   .          Reflect  .    (helmet restricted)
rElec   .          Harm     .    (no cloak)
rCorr   .          Rampage  .    (gloves unavailable)
Will    ++...                    (boots unavailable)
Stlth   +++.......               (no amulet)
HPRegen 0.10/turn                i - ring of willpower
MPRegen 0.16/turn                u - ring of flight

@: confusing by touch, flying, very quick
A: very small, no large weapons, unfitting armour, see invisible, speed 3
a: no special abilities


You were on level 5 of the Dungeon.
You visited 1 branch of the dungeon, and saw 5 of its levels.

You collected 298 gold pieces.

Inventory:

Hand Weapons
 g - a +2 dagger of electrocution (weapon)
Armour
 b - a +0 robe (worn)
Jewellery
 i - a ring of willpower (left hand)
 u - a ring of flight (right hand)
 w - a ring of protection from fire
Wands
 p - a wand of quicksilver (12)
Scrolls
 a - a scroll of teleportation
 d - 2 scrolls of poison {unknown}
 e - a scroll of brand weapon {unknown}
 f - a scroll of amnesia {unknown}
 h - 5 scrolls of identify {unknown}
 j - a scroll of vulnerability {unknown}
 q - a scroll of enchant armour {unknown}
 r - a scroll of blinking {unknown}
 s - a scroll of fog {unknown}
 x - a scroll of fear {unknown}
Potions
 c - 2 potions of invisibility
 k - 3 potions of curing {unknown}
 l - a potion of cancellation {unknown}
 m - a potion of brilliance {unknown}
 n - a potion of resistance {unknown}
 o - a potion of might {unknown}
 t - a potion of ambrosia {unknown}
 v - a potion of magic {unknown}


   Skills:
 - Level 1.1 Short Blades
 - Level 2.6 Dodging
 - Level 4.4 Stealth
 + Level 6.8 Spellcasting
 * Level 8.9 Hexes


You had 11 spell levels left.
You knew the following spells:

 Your Spells              Type           Power      Damage    Failure   Level
a - Ensorcelled Hibernat  Hex/Ice        38%        N/A       3%          2
b - Confusing Touch       Hex            33%        N/A       1%          3
c - Tukima's Dance        Hex            33%        N/A       1%          3

Your spell library contained the following spells:

 Spells                   Type           Power      Damage    Failure   Level
 Dazzling Flash           Conj/Hex       38%        N/A       6%          3
 Beastly Appendage        Tmut           10%        N/A       13%         1
 Wereblood                Tmut           5%         N/A       19%         2
 Gell's Gravitas          Tloc           5%         N/A       36%         3
 Lesser Beckoning         Tloc           5%         N/A       36%         3
 Spider Form              Tmut/Pois      5%         N/A       36%         3
 Teleport Other           Tloc           5%         N/A       36%         3


Dungeon Overview and Level Annotations

Branches:
Dungeon (5/15)
 Temple: D:4-7

Altars:
Cheibriados
Makhleb
Trog

Shops:
D:3 (

Annotations:
D:3 3 runed translucent doors, timneilson's ghost, amateur GrFi


Innate Abilities, Weirdness & Mutations

You are very small and have problems with some larger weapons.
You are too small for most types of armour.
You have supernaturally acute eyesight. (SInv)
You cover ground extremely quickly. (Speed+++)


Message History

Press: ? - help, Shift-Dir - straight line, f/p - orc warrior
Aim: an orc warrior, wielding a +0 mace and wearing a +0 plate armour (moderately wounded, chance to affect: 62%)
The +0 mace dances into the air!
The orc warrior hits your +0 mace.
Casting: Tukima's Dance (safe; 1% risk of failure)
Confirm with . or Enter, or press ? or * to list all spells.
Aiming: Ensorcelled Hibernation (safe; 3% risk of failure)
Press: ? - help, Shift-Dir - straight line, f/p - orc warrior
Aim: an orc warrior, wearing a +0 plate armour (moderately wounded, ally target, chance to affect: 51%)
The orc warrior looks drowsy...
Your +0 mace hits the orc warrior!
Your +0 mace hits the orc warrior.
You closely miss the orc warrior.
The orc warrior is almost dead.
The orc warrior hits you!
Your +0 mace completely misses the orc warrior.
Your +0 mace hits the orc warrior but does no damage.
Your +0 mace hits the orc warrior but does no damage.
Casting: Ensorcelled Hibernation (safe; 3% risk of failure)
Confirm with . or Enter, or press ? or * to list all spells.
Okay, then.
The orc warrior hits your +0 mace!
Your +0 mace hits the orc warrior but does no damage.
The orc warrior hits your +0 mace.
Your +0 mace falls from the air.
Casting: Ensorcelled Hibernation (safe; 3% risk of failure)
Confirm with . or Enter, or press ? or * to list all spells.
Aiming: Ensorcelled Hibernation (safe; 3% risk of failure)
Press: ? - help, Shift-Dir - straight line, f - you, p - orc warrior
Okay, then.
Casting: Ensorcelled Hibernation (safe; 3% risk of failure)
Confirm with . or Enter, or press ? or * to list all spells.
Your hands begin to glow red.
The orc warrior hits you!
* * * LOW HITPOINT WARNING * * *
You hit the orc warrior but do no damage.
The orc warrior is almost dead.
You barely miss the orc warrior.
The orc warrior is almost dead.
The orc warrior hits you!
You die...

#........# ##§≈≈≈§≈§§§§§≈##
.........###≈≈§≈§≈§≈§≈§§≈≈##
.........##§≈≈≈≈§§§§≈§≈§§≈≈##
.........#≈§≈§§≈§≈§§≈≈≈≈≈§≈≈#
.........#§§§≈≈≈§§§§≈≈≈≈≈≈≈≈#
.........#§§≈≈≈≈§§§.≈§≈§≈≈§≈#
.........'..§..§§.§§.≈≈≈≈≈≈≈#
.........'.§....o.≈§§§§§≈≈≈§#
.........#≈§≈§≈≈@§..§§§§≈§≈§#
.....###.#≈≈≈≈≈≈§≈≈≈≈§§≈§§§≈#
.....#...#≈≈§§§§≈≈§≈≈§§§§§≈≈#
.....#...##§§§§≈§≈≈≈§≈≈§§≈§##
.....#...###≈§§§§§≈§§≈≈≈§§##
.....'...# ##≈≈≈§≈§§§≈§§≈##
.....#...## ##§≈§§§§§§§§##
.....#....# ##≈≈≈≈≈§≈≈##
.....#....### ##########


You could see an orc warrior.

Vanquished Creatures
  An ice beast (D:5)
  2 ogres
  A phantom (D:5)
  Blork the orc (D:4)
  A kobold brigand (D:5)
  3 orc priests (D:5)
  An orc wizard (D:5)
  A mummy (D:4)
  4 gnolls (D:4)
  4 adders
  6 worms
  2 dart slugs
  8 orcs
  7 endoplasms
  A giant cockroach (D:2)
  5 goblins
  7 hobgoblins
  17 jackals
  A quokka (D:1)
  6 ball pythons
  8 bats
  3 frilled lizards
  9 kobolds
  7 rats
106 creatures vanquished.

Vanquished Creatures (others)
  A dancing weapon (D:5)
1 creature vanquished.

Grand Total: 107 creatures vanquished

Notes
Turn   | Place    | Note
-------+----------+-------------------------------------------
     0 | D:1      | PyroL the Spriggan Enchanter began the quest for the Orb.
     0 | D:1      | Reached XP level 1. HP: 9/9 MP: 5/5
   304 | D:1      | Reached skill level 4 in Hexes
   304 | D:1      | Reached XP level 2. HP: 7/13 MP: 7/7
  1118 | D:2      | Noticed an ogre
  1147 | D:2      | Learned a level 2 spell: Ensorcelled Hibernation
  1164 | D:2      | Killed an ogre
  1165 | D:2      | Reached skill level 5 in Hexes
  1165 | D:2      | Reached XP level 3. HP: 16/16 MP: 5/10
  1165 | D:2      | Reached XP level 4. HP: 21/21 MP: 5/11
  1195 | D:2      | Learned a level 3 spell: Confusing Touch
  1199 | D:2      | Learned a level 3 spell: Tukima's Dance
  1845 | D:2      | Reached XP level 5. HP: 24/24 MP: 5/13
  2395 | D:3      | Reached skill level 5 in Spellcasting
  2405 | D:3      | Reached skill level 6 in Hexes
  2802 | D:3      | Found Suthal's Weapon Shoppe.
  2836 | D:3      | Found a runed translucent gate.
  2838 | D:3      | Found a runed translucent gate.
  2839 | D:3      | Found a runed translucent gate.
  2851 | D:3      | Noticed timneilson's ghost (amateur GrFi)
  3822 | D:4      | Found a burning altar of Makhleb.
  4160 | D:4      | Reached XP level 6. HP: 28/28 MP: 12/15
  4258 | D:4      | Found a snail-covered altar of Cheibriados.
  4501 | D:4      | Found a bloodstained altar of Trog.
  4573 | D:4      | Noticed Blork the orc
  4586 | D:4      | Killed Blork the orc
  4587 | D:4      | Reached skill level 7 in Hexes
  4794 | D:5      | Entered Level 5 of the Dungeon
  5100 | D:5      | Reached XP level 7. HP: 32/32 MP: 13/17
  5130 | D:5      | Reached skill level 8 in Hexes
  6115 | D:5      | Slain by an orc warrior

Illustrated notes

Levels and vault maps discovered:
D:1:      eino_arrival_water_cross, layout_basic
D:2:      layout_loops_ring, chequers_serial_rivers_micro_b,
          grunt_ministairs_11, item_on_display_a
D:3:      layout_basic, gammafunk_ghost_necromancy, serial_shops,
          nicolae_shop_stone
D:4:      layout_basic, chei_slow_surprise, bloody_makhleb, bloody_trog,
          nicolae_wormholes, uniq_blork_the_orc
D:5:      kennysheep_big_flooded_room, layout_basic, tso_metal_star,
          serial_shops, shop_fountains, minmay_misc_feat_hallway

Skill      XL: |  1  2  3  4  5  6  7 |
---------------+----------------------+-----
Spellcasting   | 3 4 5 6 |  6.8
Hexes          | 4 5 6 7 8 |  8.9
Short Blades   | |  1.1
Dodging        | |  2.6
Stealth        | |  4.4

Action                   |  1- 3 |  4- 6 |  7- 9 || total
-------------------------+-------+-------+-------++-------
Melee: Dagger            |    62 |   172 |    48 ||   282
       Punch             |     2 |     1 |       ||     3
 Cast: Ensorcelled Hiber |     1 |    31 |    14 ||    46
       Confusing Touch   |       |     7 |     7 ||    14
       Tukima's Dance    |       |       |     2 ||     2
  Use: Scroll            |       |     1 |       ||     1
 Stab: Sleeping          |     4 |    28 |     2 ||    34
       Confused          |       |     3 |     3 ||     6
       Distracted        |       |     1 |       ||     1
Armor: Robe              |     5 |    12 |     1 ||    18
Dodge: Dodged            |    49 |   123 |    21 ||   193

Table legend: (Time is in decaauts)
 A = Elapsed time spent in this place.
 B = Non-inter-level travel time spent in this place.
 C = Inter-level travel time spent in this place.
 D = Time resting spent in this place.
 E = Time spent auto-exploring this place.
 F = Levels seen in this place.
 G = Mean time per level.
                   A        B        C        D        E       F      G
               +--------+--------+--------+--------+--------+-----+--------+
         Total |   4779 |   4743 |     36 |   1174 |   2794 |   5 |  955.8 |
       Dungeon |   4779 |   4743 |     36 |   1174 |   2794 |   5 |  955.8 |
               +--------+--------+--------+--------+--------+-----+--------+

Top non-repeatable levels by time:
     D:4: 1232 daAuts
     D:5: 1225 daAuts
     D:1: 832 daAuts
     D:2: 773 daAuts
     D:3: 715 daAuts
